 Dungeon Crawl Stone Soup version 0.25.1-8-g42b30a86e7 (webtiles) character file.

Game seed: 1643287232750513607

291 MajorAdolf the Cutter (level 6, -3/49 HPs)
             Began as a Naga Wanderer on Dec 17, 2020.
             Slain by a wight
             ... wielding a cursed +3 flail
              (10 damage)
             ... on level 4 of the Dungeon.
             The game lasted 00:06:29 (5938 turns).

MajorAdolf the Cutter (Naga Wanderer)               Turns: 5938, Time: 00:06:29

Health: -3/49      AC:  4    Str: 13    XL:     6   Next: 32%
Magic:  9/9        EV:  9    Int: 13    God:
Gold:   210        SH:  0    Dex: 13    Spells: 5/9 levels left

rFire    . . .     SeeInvis +   b - +4 dagger
rCold    . . .     Gourm    .   (no shield)
rNeg     . . .     Faith    .   f - +0 robe
rPois    +         Spirit   .   (no helmet)
rElec    .         Reflect  .   (no cloak)
rCorr    .         Harm     .   n - +0 pair of gloves (curse)
MR       .....                  (no barding)
Stlth    +.........             (no amulet)
HPRegen  0.16/turn              (no ring)
MPRegen  0.11/turn              (no ring)

@: heavily drained, very slow
A: large, see invisible, deformed body, poison resistance, slowness 2, slow
metabolism 1, spit poison 1, AC +2
a: Spit Poison


You were on level 4 of the Dungeon.
You were not hungry.

You visited 1 branch of the dungeon, and saw 4 of its levels.

You collected 210 gold pieces.

Inventory:

Hand Weapons
 b - a +4 dagger (weapon)
Missiles
 d - 17 poisoned darts (quivered)
Armour
 f - a +0 robe (worn)
 n - a cursed +0 pair of gloves (worn)
Jewellery
 l - an uncursed amulet of guardian spirit
Wands
 r - a wand of random effects (13)
Scrolls
 h - 2 scrolls of remove curse {unknown}
 i - 7 scrolls of identify
 j - 3 scrolls of random uselessness
 m - a scroll of enchant armour {unknown}
 o - 3 scrolls of teleportation {unknown}
 p - a scroll of magic mapping {unknown}
 s - 3 scrolls of enchant weapon {unknown}
Potions
 a - a potion of ambrosia {unknown}
 k - a potion of curing
 q - 2 potions of berserk rage {unknown}
Comestibles
 g - 8 rations


   Skills:
 + Level 6.0(3.8) Short Blades
 - Level 1.0(0.0) Throwing
 - Level 1.5(0.0) Stealth
 - Level 2.0(0.0) Spellcasting
 - Level 1.0(0.0) Conjurations
   Level 1.0(0.0) Charms
   Level 2.0(0.0) Ice Magic
 - Level 2.6(0.6) Poison Magic


You had 5 spell levels left.
You knew the following spells:

 Your Spells              Type           Power        Failure   Level  Hunger
a - Pain                  Necr           #...         30%         1    ##.....
b - Mephitic Cloud        Conj/Pois/Air  #.......     65%         3    ####...

Your spell library contained the following spells:

 Spells                   Type           Power        Failure   Level  Hunger
 Magic Dart               Conj           #...         30%         1    ##.....
 Blink                    Tloc           N/A          43%         2    ###....
 Call Imp                 Summ           #.......     43%         2    ###....
 Slow                     Hex            #.......     43%         2    ###....
 Conjure Flame            Conj/Fire      #.......     67%         3    ####...
 Vampiric Draining        Necr           #.........   67%         3    ####...


Dungeon Overview and Level Annotations

Branches:
Dungeon (4/15)
 Temple: D:4-7

Altars:
Xom
Yredelemnul

Annotations:
D:3 Crazy Yiuf


Innate Abilities, Weirdness & Mutations

You cannot wear boots.
Your serpentine skin is tough. (AC +2)
You have supernaturally acute eyesight. (SInv)
Armour fits poorly on your strangely shaped body.
Your system is resistant to poisons. (rPois)
You cover ground very slowly.
You have a slow metabolism.
You can spit poison.


Message History

k - 2 potions of curing The wight hits you with a cursed +1 flail.
The wight hits you from afar with a +0 trident!
* * * LOW HITPOINT WARNING * * *
You feel drained.
* * * LOW HITPOINT WARNING * * *
As you read the scroll labeled BYESMI EMPIHA, it crumbles to dust.
The dust glows faint mauve!
It was a scroll of random uselessness.
The wight hits you from afar with a +0 trident.
* * * LOW HITPOINT WARNING * * *
You feel drained.
* * * LOW HITPOINT WARNING * * *
The wight hits you with a cursed +3 flail.
* * * LOW HITPOINT WARNING * * *
You feel drained.
* * * LOW HITPOINT WARNING * * *
The wight barely misses you.
You feel better. The wight closely misses you.
The wight hits you with a cursed +3 flail!
You die...

...............
#...## #.....
..............#
#....# #.....
..............#
#....## ###.....
......$....z..#
#.....###.......
............>.#
#..........#....
..............#
#.......#####...
........z####......##
##..
........##.z...##..#
#..
.........zz@.#######
##. ...........### ##
........##...# #
......###......# #
....## #........#
#### ##.......#
###.....# #...## ####


You could see 3 wights.

Vanquished Creatures
  A scorpion (D:4)
  A wight (D:4)
  Ijyb (D:3)
  2 worker ants (D:4)
  4 adders
  2 oozes (D:4)
  4 worms
  2 dart slugs
  3 leopard geckos
  5 orcs (D:3)
  2 ball pythons
  2 giant cockroaches
  7 goblins
  5 hobgoblins
  4 jackals (D:3)
  A quokka (D:2)
  5 bats
  13 frilled lizards
  7 kobolds
  5 rats
76 creatures vanquished.

Notes
Turn   | Place    | Note
-------+----------+-------------------------------------------
     0 | D:1      | MajorAdolf the Naga Wanderer began the quest for the Orb.
     0 | D:1      | MajorAdolf set off with the following items: a +2 dagger, a
                  | potion of heal wounds, 11 poisoned darts, a +0 dagger, a +0
                  | robe, a ration; and the following spell memorised: Pain;
                  | and the following spells available to memorise: Vampiric
                  | Draining
     0 | D:1      | Reached XP level 1. HP: 15/15 MP: 3/3
     1 | D:1      | Noticed a draconian
     2 | D:1      | Noticed a centaur
     4 | D:1      | Noticed a ghoul
     4 | D:1      | Noticed a vampire
     6 | D:1      | Noticed a minotaur
     6 | D:1      | Noticed a formicid
     8 | D:1      | Noticed a vine stalker
     8 | D:1      | Noticed a demonspawn
    10 | D:1      | Noticed a merfolk
    10 | D:1      | Noticed an ogre
    12 | D:1      | Noticed a dwarf
    12 | D:1      | Noticed an octopode
    14 | D:1      | Noticed a naga
    14 | D:1      | Noticed a human
    18 | D:1      | Noticed a demigod
    20 | D:1      | Noticed a spriggan
    22 | D:1      | Noticed a felid
    22 | D:1      | Noticed a troll
    24 | D:1      | Noticed a gargoyle
    24 | D:1      | Noticed an elf
    26 | D:1      | Noticed a tengu
    26 | D:1      | Noticed a halfling
    76 | D:1      | Reached skill level 1 in Short Blades
   579 | D:1      | Reached XP level 2. HP: 22/22 MP: 5/5
   925 | D:1      | Reached skill level 2 in Short Blades
  1730 | D:2      | Reached XP level 3. HP: 10/28 MP: 6/6
  2111 | D:2      | Found a basalt altar of Yredelemnul.
  2200 | D:2      | Found a shimmering altar of Xom.
  2277 | D:2      | Reached skill level 3 in Short Blades
  3012 | D:3      | Reached XP level 4. HP: 32/36 MP: 7/7
  3405 | D:3      | Noticed Ijyb
  3432 | D:3      | Killed Ijyb
  3432 | D:3      | Reached skill level 4 in Short Blades
  3920 | D:3      | Reached XP level 5. HP: 28/42 MP: 8/8
  4139 | D:3      | Found a runed translucent door.
  4140 | D:3      | Noticed Crazy Yiuf
  4864 | D:4      | Reached skill level 5 in Short Blades
  5399 | D:4      | Reached XP level 6. HP: 49/49 MP: 9/9
  5524 | D:4      | Reached skill level 6 in Short Blades
  5625 | D:4      | Learned a level 3 spell: Mephitic Cloud
  5937 | D:4      | HP: 2/49 [wight/cursed +3 flail (1)]
  5938 | D:4      | Slain by a wight

Illustrated notes

Levels and vault maps discovered:
D:1:      kb_arrival_jail, layout_loops_corners, chequers_serial_rivers_small_3,
          minmay_lizard_king
D:2:      layout_basic, xom_teletrap_fun, nicolae_overflow_hidden_temple,
          first_ration, yredelemnul_altar_generic
D:3:      layout_loops_ring, uniq_ijyb, uniq_crazy_yiuf_cottage
D:4:      layout_cave_pods, minmay_misc_feat_nine_boxes

Skill      XL: |  1  2  3  4  5  6 |
---------------+-------------------+-----
Short Blades   | 1 2 3 4 5 6 |  6.0
Throwing       | |  1.0
Stealth        | |  1.5
Spellcasting   | |  2.0
Conjurations   | |  1.0
Charms         | |  1.0
Ice Magic      | |  2.0
Poison Magic   | |  2.6

Action                   |  1- 3 |  4- 6 || total
-------------------------+-------+-------++-------
Melee: Dagger            |   149 |   181 ||   330
Throw: Dart              |       |     5 ||     5
 Abil: Spit Poison       |     2 |    10 ||    12
Evoke: Wand              |       |    10 ||    10
  Use: Potion            |       |     2 ||     2
       Scroll            |       |     3 ||     3
 Stab: Sleeping          |     1 |     1 ||     2
       Confused          |       |     1 ||     1
  Eat: Chunk             |     4 |     5 ||     9
       Ration            |       |     1 ||     1
Armor: Robe              |    41 |    26 ||    67
Dodge: Dodged            |    67 |    74 ||   141
